 Dungeon Crawl Stone Soup version 0.19-a0-706-g03de5d9 (webtiles) character file.

6766 Duffy the Cleaver (level 11, -1/96 (97) HPs)
             Began as a Hill Orc Monk on June 19, 2016.
             Was a High Priest of Makhleb.
             Slain by Snorg (6 damage)
             ... on level 10 of the Dungeon.
             The game lasted 00:16:28 (11876 turns).

Duffy the Cleaver (Hill Orc Monk)                  Turns: 11876, Time: 00:16:29

HP:   -1/96 (97)    AC: 16    Str: 17    XL:     11   Next: 4%
MP:   16/16         EV:  6    Int: 10    God:    Makhleb [*****.]
Gold: 46            SH:  0    Dex: 14    Spells: 0 memorised, 10 levels left

rFire  . . .     SeeInvis .     x - +3 battleaxe
rCold  . . .     Gourm    .     s - +0 plate armour
rNeg   . . .     Faith    +     (shield currently unavailable)
rPois  .         Spirit   .     (no helmet)
rElec  .         Dismiss  .     G - +0 cloak (curse)
rCorr  .         Reflect  .     w - +0 pair of gloves
SustAt .         Harm     .     (no boots)
MR     +....                    I - amulet of faith
Stlth  ..........               (no ring)
                                D - ring of protection from magic

@: drained, somewhat resistant to hostile enchantments, extremely unstealthy
A: no striking features
a: Minor Destruction, Lesser Servant of Makhleb, Major Destruction, Greater
Servant of Makhleb, Renounce Religion


You were on level 10 of the Dungeon.
You worshipped Makhleb.
Makhleb was extremely pleased with you.
You were not hungry.

You visited 1 branch of the dungeon, and saw 10 of its levels.

You collected 676 gold pieces.
You spent 630 gold pieces at shops.


   Skills:
 - Level 9.2(8.7) Fighting
 + Level 14.8(14.3) Axes
 - Level 8.4(8.0) Armour
 - Level 2.4(2.0) Dodging
 - Level 1.5(1.1) Stealth
 + Level 6.7(6.3) Invocations


You had 10 spell levels left.
You didn't know any spells.

Inventory:

Hand Weapons
 x - a +3 battleaxe (weapon)
Missiles
 f - 2 throwing nets (quivered)
Armour
 s - a +0 plate armour (worn)
 w - a +0 pair of gloves (worn)
 G - a cursed +0 cloak (worn)
Jewellery
 y - a +3 amulet of reflection
 D - a ring of protection from magic (left hand)
 I - an amulet of faith (around neck)
Wands
 C - a wand of digging (24/24)
 J - a wand of lightning (11/15)
 K - a wand of lightning (7/15)
Scrolls
 b - a scroll of recharging
 e - a scroll of immolation {unknown}
 g - 2 scrolls of enchant weapon
 h - 12 scrolls of remove curse
 i - a scroll of fog
 j - 3 scrolls of magic mapping
 o - a scroll of fear
 p - 3 scrolls of enchant armour
 B - 3 scrolls of teleportation
Potions
 l - 4 potions of curing
 m - 4 potions of might
 n - 2 potions of berserk rage
 q - a potion of invisibility
 r - a potion of resistance
 t - 3 potions of flight
 u - 2 potions of cancellation
 A - 2 potions of agility
 E - 2 potions of haste
 F - 2 potions of ambrosia
 L - 2 potions of heal wounds
Comestibles
 a - 2 meat rations
 c - 8 bread rations
 k - 7 beef jerkies
 v - 2 fruits

Dungeon Overview and Level Annotations

Branches:
Dungeon (10/15)            Temple (0/1) D:5            Lair (0/6) D:10
    Orc (0/2) D:10

Altars:
Ashenzari
Dithmenos
Fedhas
Gozag
Hepliaklqana
Kikubaaqudgha
Makhleb
Nemelex Xobeh
Okawaru
Pakellas
Ru
Sif Muna
Vehumet
Xom
Zin
The Shining One

Shops:
D:6 !   D:8 (   D:9 %

Annotations:
D:10 Snorg


Message History

Snorg shouts!
You slash the river rat!
The river rat is heavily wounded.
The sheep bites the plant.
The river rat bites you but does no damage.
A sheep comes into view.
Items here: % )))) [[[[ Use which ability? (? or * to list)
A demon appears!
The river rat bites you but does no damage.
Use which ability? (? or * to list)
A demon appears!
The river rat barely misses you.
You closely miss the river rat.
The river rat is heavily wounded.
The river rat bites you but does no damage.
You swap places.
The river rat bites your neqoxec but does no damage.
Your neqoxec gestures at the river rat.
The river rat twists and deforms.
There is an open door here.
You swap places.
The river rat bites you but does no damage.
Your smoke demon gestures at the river rat.
The river rat is smitten.
The river rat dies!
Makhleb accepts your kill.
You slash Snorg!
Snorg is lightly wounded.
Snorg completely misses you. Snorg claws you but does no damage.
Snorg claws you.
You swap places.
Your smoke demon gestures at Snorg.
Snorg is smitten.
Snorg closely misses your smoke demon. Snorg claws your smoke demon!
Snorg barely misses your smoke demon.
Your smoke demon misses Snorg.
Your smoke demon barely misses Snorg.
Your smoke demon hits Snorg.
Snorg bites your smoke demon. Snorg claws your smoke demon. x2
Your smoke demon gestures at Snorg.
The sticky flame hits Snorg.
Snorg is covered in liquid flames!
Snorg goes berserk!
Snorg burns!
Snorg bites your smoke demon! Snorg claws your smoke demon.
Your smoke demon dies!
Snorg burns!
Snorg bites you!
Snorg claws you! x2; Snorg closely misses you.
Snorg claws you! Snorg claws you.
You slice Snorg!!
Snorg is heavily wounded.
Snorg burns!
Snorg bites you! Snorg claws you but does no damage.
Snorg completely misses you.
Snorg burns!
Your neqoxec hits Snorg. Snorg bites you! Snorg claws you. x2
You die...

#.....TPP...7
+...........7.$
#......[.......
#.....Y........
#..[....'......
#...%...#####..
###'##### # #YYT3#
#####@### #.......#
#.......# #.......#
######### #.......#
###........
#.......####...#######
+..>....'....###
#.......######
#.......#


You could see Snorg (berserk), 2 sheep and a friendly neqoxec.

Action                   |  1- 3 |  4- 6 |  7- 9 | 10-12 || total
-------------------------+-------+-------+-------+-------++-------
Melee: Hand axe          |   109 |       |       |       ||   109
       War axe           |     2 |   222 |   403 |   164 ||   791
       Battleaxe         |       |       |       |   124 ||   124
Invok: Lesser Servant of |       |       |       |     4 ||     4
Evoke: Wand              |       |       |     4 |       ||     4
  Use: Scroll            |       |     7 |     4 |     6 ||    17
       Potion            |       |       |     1 |       ||     1
 Stab: Sleeping          |     1 |       |       |       ||     1
  Eat: Chunk             |     2 |     8 |     5 |    10 ||    25
       Pizza             |       |     1 |       |       ||     1
       Beef jerky        |       |       |     3 |       ||     3
       Meat ration       |       |       |     1 |       ||     1
Armor: Robe              |    28 |    13 |       |       ||    41
       Plate armour      |       |   187 |   321 |   190 ||   698
Dodge: Dodged            |    83 |    81 |   124 |    67 ||   355
Block: Other             |       |       |    36 |    13 ||    49

Notes
Turn   | Place    | Note
--------------------------------------------------------------
     0 | D:1      | Duffy the Hill Orc Monk began the quest for the Orb.
     0 | D:1      | Reached XP level 1. HP: 19/19 MP: 1/1
    52 | D:1      | Reached XP level 2. HP: 4/26 MP: 2/2
   392 | D:1      | Reached skill level 5 in Axes
   612 | D:1      | Reached XP level 3. HP: 31/31 MP: 3/3
  1202 | D:2      | Reached skill level 6 in Axes
  1497 | D:2      | Reached XP level 4. HP: 39/40 MP: 4/4
  1527 | D:2      | Found a burning altar of Makhleb.
  1530 | D:2      | Noticed an Executioner
  1534 | D:2      | Noticed a ynoxinul
  1534 | D:2      | Noticed a smoke demon
  1536 | D:2      | Became a worshipper of Makhleb the Destroyer
  1536 | D:2      | Reached * piety under Makhleb
  1536 | D:2      | Reached ** piety under Makhleb
  2272 | D:2      | Found a faded altar of an unknown god.
  2506 | D:3      | Found a hazy altar of Hepliaklqana.
  2507 | D:3      | Found a shimmering altar of Xom.
  2508 | D:3      | Noticed a spectral ugly thing
  2542 | D:3      | Found a sacrificial altar of Ru.
  2548 | D:3      | Reached skill level 4 in Fighting
  2611 | D:3      | Noticed an ogre
  3081 | D:4      | Reached skill level 1 in Armour
  3081 | D:4      | Reached XP level 5. HP: 46/46 MP: 5/5
  3091 | D:4      | Reached skill level 7 in Axes
  3153 | D:4      | Reached skill level 2 in Armour
  3441 | D:4      | Found an oddly glowing altar of Pakellas.
  3714 | D:4      | Reached XP level 6. HP: 49/52 MP: 6/6
  3720 | D:4      | Found a burning altar of Makhleb.
  3720 | D:4      | Found a deep blue altar of Sif Muna.
  3957 | D:5      | Entered Level 5 of the Dungeon
  3963 | D:5      | Noticed Duvessa
  3970 | D:5      | Noticed Dowan
  4149 | D:5      | Killed Duvessa
  4149 | D:5      | Reached skill level 8 in Axes
  4149 | D:5      | Reached skill level 3 in Armour
  4347 | D:5      | Killed Dowan
  4383 | D:5      | Reached skill level 4 in Armour
  4383 | D:5      | Reached XP level 7. HP: 48/59 MP: 7/7
  4427 | D:5      | Found a sparkling altar of Nemelex Xobeh.
  4514 | D:5      | Noticed Grinder
  4522 | D:5      | Killed Grinder
  4522 | D:5      | Reached skill level 5 in Armour
  4595 | D:5      | Reached *** piety under Makhleb
  4604 | D:5      | Found an opulent altar of Gozag.
  4856 | D:5      | Found a staircase to the Ecumenical Temple.
  5262 | D:3      | Reached skill level 9 in Axes
  5262 | D:3      | Reached skill level 6 in Armour
  5262 | D:3      | Reached XP level 8. HP: 55/66 MP: 8/8
  5385 | D:3      | Found an ancient bone altar of Kikubaaqudgha.
  5462 | D:6      | Found Zooqeudi's Distillery.
  5469 | D:6      | Bought a potion of might for 48 gold pieces
  5469 | D:6      | Bought a potion of mutation for 30 gold pieces
  5469 | D:6      | Bought a potion of degeneration for 12 gold pieces
  5469 | D:6      | Bought a potion of haste for 120 gold pieces
  5469 | D:6      | Bought a potion of might for 48 gold pieces
  5832 | D:6      | Reached skill level 5 in Fighting
  5910 | D:6      | Noticed tstbtto's ghost (novice CeBe)
  5940 | D:6      | Killed tstbtto's ghost
  5940 | D:6      | Reached skill level 6 in Fighting
  5940 | D:6      | Reached skill level 10 in Axes
  6177 | D:6      | Noticed Blork the orc
  6186 | D:6      | Killed Blork the orc
  6357 | D:6      | Found a radiant altar of Vehumet.
  6358 | D:6      | Noticed Eustachio
  6379 | D:6      | Reached skill level 7 in Fighting
  6391 | D:6      | Killed Eustachio
  6391 | D:6      | Reached skill level 11 in Axes
  6391 | D:6      | Reached XP level 9. HP: 55/79 MP: 9/9
  6735 | D:6      | Reached skill level 8 in Fighting
  7190 | D:6      | Found a shadowy altar of Dithmenos.
  7977 | D:7      | Reached **** piety under Makhleb
  7992 | D:7      | Reached skill level 12 in Axes
  8042 | D:7      | Found a glowing silver altar of Zin.
  8064 | D:7      | Reached skill level 7 in Armour
  8234 | D:7      | Reached XP level 10. HP: 88/90 MP: 10/10
  8277 | D:7      | Reached skill level 8 in Armour
  8455 | D:7      | Reached skill level 13 in Axes
  8672 | D:7      | Found an iron altar of Okawaru.
  8881 | D:7      | Reached skill level 1 in Invocations
  8951 | D:8      | Found a shattered altar of Ashenzari.
  9014 | D:8      | Reached skill level 2 in Invocations
  9301 | D:8      | Found a glowing golden altar of the Shining One.
  9436 | D:8      | Noticed Prince Ribbit
  9456 | D:8      | Killed Prince Ribbit
  9456 | D:8      | Reached skill level 3 in Invocations
  9730 | D:8      | Found Ruirurop's Antique Weapon Shop.
  9738 | D:8      | Found a blossoming altar of Fedhas.
  9907 | D:8      | Reached skill level 4 in Invocations
 10443 | D:6      | Bought 2 potions of berserk rage for 120 gold pieces
 10598 | D:9      | Reached ***** piety under Makhleb
 10795 | D:9      | Noticed Psyche
 10802 | D:9      | Killed Psyche
 10802 | D:9      | Reached skill level 5 in Invocations
 10940 | D:9      | Reached skill level 14 in Axes
 10959 | D:9      | Noticed a centaur warrior
 10966 | D:9      | Killed a centaur warrior
 10966 | D:9      | Reached skill level 9 in Fighting
 11159 | D:9      | Found Sotax's Food Shop.
 11305 | D:10     | Entered Level 10 of the Dungeon
 11307 | D:10     | Found a staircase to the Orcish Mines.
 11642 | D:6      | Bought 2 potions of heal wounds for 120 gold pieces
 11642 | D:6      | Bought a potion of curing for 36 gold pieces
 11642 | D:6      | Bought a potion of cancellation for 96 gold pieces
 11783 | D:10     | Killed an unseen horror
 11783 | D:10     | Reached skill level 6 in Invocations
 11783 | D:10     | Reached XP level 11. HP: 77/96 MP: 15/15
 11849 | D:10     | Found a staircase to the Lair.
 11861 | D:10     | Noticed Snorg
 11876 | D:10     | Slain by Snorg

Skill      XL: |  1  2  3  4  5  6  7  8  9 10 |
---------------+-------------------------------+-----
Axes           | 5 6 7 8 9 11 12 14 | 14.8
Fighting       | 4 7 8 9 |  9.2
Armour         | 1 2 4 6 7 8 |  8.4
Invocations    | 6 |  6.7
Dodging        | |  2.4
Stealth        | |  1.5

Vault maps used:
D:1:      minmay_arrival_jagged, minivault_14
D:2:      ecumenical_altar_1, kennysheep_crisscross, kennysheep_minor_cross,
          makhleb_altar_promises_db
D:3:      regret_index_temple_of_mockery, nicolae_ru_sacrificial_ziggurat,
          lemuel_coloured_pillars_altar
D:4:      grunt_pakellas_mercury, gammafunk_temple_overflow_wave
D:5:      kennysheep_steamy, nemelex_xobeh_ov_fountains_minmay,
          minmay_temple_entry_mist, first_bread, grunt_gozag_breadcrumbs,
          uniq_duvessa, uniq_grinder
D:6:      vehumet_statue, serial_shops, shop_fountains, basic_altar,
          uniq_eustachio, uniq_blork_the_orc
D:7:      kennysheep_mini_moat, lemuel_round_altar, grunt_ogre_cave
D:8:      fedhas_altar_1, old_standard_altar, old_standard_altar, serial_shops,
          shop, uniq_prince_ribbit1
D:9:      serial_shops, shop, uniq_psyche
D:10:     minmay_lair_entry_grove, orc_0_dummy, minmay_gold_behind_fungi,
          uniq_snorg

Vanquished Creatures
  A centaur warrior
  An unseen horror
  The ghost of tstbtto the Cleaver, a novice CeBe of Trog Psyche Grinder Prince Ribbit Eustachio
  3 steam dragons
  A water moccasin Duvessa
  An orc warrior
  2 sky beasts
  3 ice beasts
  3 phantoms
  3 black bears
  A wasp
  3 ogres
  A necrophage
  A centaur
  A crocodile Blork the orc
  4 giant frogs Dowan
  A water moccasin skeleton
  A scorpion
  5 killer bees
  8 wights
  4 crimson imps
  A howler monkey
  2 jellies
  3 quasits
  4 hounds
  A wasp zombie
  2 centaur skeletons
  2 orc priests
  5 orc wizards
  2 iguanas
  7 worker ants
  A statue
  A sheep
  A hound skeleton
  4 gnolls
  16 adders
  2 howler monkey skeletons
  3 river rats
  2 shadow imps
  An adder zombie
  2 worms
  4 dart slugs
  5 giant geckos
  20 orcs
  5 giant cockroaches
  6 hobgoblins
  11 jackals
  7 kobolds
  5 quokkas
  A ball python
  9 bats
  A giant gecko skeleton
  4 giant newts
  9 goblins
  A jackal zombie
  12 rats
  5 fungi
  2 plants
225 creatures vanquished.
